BLB
WASHINGTON BATS @ DENVER BULLS
09/12/2059
 
TOP OF THE 1ST
Washington Bats batting - Pitching for Denver Bulls : LHP Kingston Fry
Pitching: LHP Kingston Fry
Batting: RHB Julian Ludin 0-0: Foul Ball, location: 2F
0-1: Ball
1-1: Ball
2-1: Foul Ball, location: 2F
2-2: Ground out 4-3 (Groundball, 4, EV 105.0 MPH)
Batting: RHB Owen Dooley 0-0: Ball
1-0: Ball
2-0: Bunted foul
2-1: Foul Ball, location: 2F
2-2: Ball
3-2: SOLO HOME RUN (Flyball, 7LD, EV 101.2 MPH), Distance : 385 ft
Batting: RHB Hayden Jones 0-0: Ball
1-0: Called Strike
1-1: SINGLE (Groundball, 6D, EV 106.9 MPH)
Batting: RHB Parker Lee 0-0: Fly out, F8 (Flyball, 8RXD, EV 107.5 MPH)
Batting: RHB Neall Rabah 0-0: Called Strike
0-1: Ball
1-1: Ball
2-1: Fielders Choice at 2nd, 6-4 (Groundball, 6MD, EV 103.8 MPH)
Top of the 1st over - 1 run, 2 hits, 0 errors, 1 left on base; Washington 1 - Denver 0
BOTTOM OF THE 1ST
Denver Bulls batting - Pitching for Washington Bats : RHP Collin Jackson
Pitching: RHP Collin Jackson
Batting: RHB Dalton Brown 0-0: Foul Ball, location: 2F
0-1: Called Strike
0-2: Ball
1-2: Ball
2-2: Foul Ball, location: 2F
2-2: DOUBLE (Groundball, 3L, EV 107.5 MPH)
Batting: LHB Johnathan Wang 0-0: Ball
1-0: Ball
2-0: Ball
3-0: Called Strike
3-1: Foul Ball, location: 2F
3-2: Strikes out swinging
Batting: RHB Chasson Egan 0-0: Ball
1-0: Swinging Strike
1-1: Ball
2-1: Foul Ball, location: 2F
2-2: Foul Ball, location: 2F
2-2: Ball
3-2: Strikes out looking
Batting: LHB Michael Hughes 0-0: Ball
1-0: Foul Ball, location: 2F
1-1: Swinging Strike
1-2: Foul Ball, location: 2F
1-2: Ball
2-2: SINGLE (Groundball, 34D, EV 101.2 MPH)
Dalton Brown to third
Runner from 3rd tries for Home, SAFE, throw by RF to home
Batting: RHB James Wilson 0-0: Called Strike
0-1: Swinging Strike
0-2: Ball
1-2: Foul Ball, location: 2F
1-2: Foul Ball, location: 2F
1-2: Ball
2-2: Strikes out swinging
Bottom of the 1st over - 1 run, 2 hits, 0 errors, 1 left on base; Washington 1 - Denver 1
TOP OF THE 2ND
Washington Bats batting - Pitching for Denver Bulls : LHP Kingston Fry
Batting: RHB Louis Hockney 0-0: Foul Ball, location: 2F
0-1: Ground out 5-3 (Groundball, 56S, EV 77.5 MPH)
Batting: LHB Evan Wilson 0-0: Ball
1-0: Fly out, F8 (Flyball, 8RM, EV 91.9 MPH)
Batting: RHB Sean McReynolds 0-0: Called Strike
0-1: DOUBLE (Line Drive, 9LD, EV 108.8 MPH)
Batting: SHB Josiah White 0-0: Foul Ball, location: 2F
0-1: Ball
1-1: Foul Ball, location: 2F
1-2: SINGLE (Groundball, 25, EV 73.8 MPH) (infield hit)
Sean McReynolds to third
Batting: RHB Julian Ludin 0-0: Ball
1-0: Called Strike
1-1: Ground out 6-3 (Groundball, 6S, EV 81.2 MPH)
Top of the 2nd over - 0 runs, 2 hits, 0 errors, 2 left on base; Washington 1 - Denver 1
BOTTOM OF THE 2ND
Denver Bulls batting - Pitching for Washington Bats : RHP Collin Jackson
Batting: RHB Kelvin Knox 0-0: Ball
1-0: Foul Ball, location: 2F
1-1: Ball
2-1: Ball
3-1: Foul Ball, location: 2F
3-2: Foul Ball, location: 2F
3-2: Foul Ball, location: 2F
3-2: SINGLE (Line Drive, 4M, EV 95.6 MPH)
Batting: SHB T.J. Carter 0-0: Ball
1-0: SINGLE (Flyball, 78S, EV 85.6 MPH)
Kelvin Knox to second
Batting: RHB Bert Thoma 0-0: Swinging Strike
0-1: Foul Ball, location: 2F
0-2: Ball
1-2: Strikes out swinging
Batting: SHB Sage Reinisch 0-0: Called Strike
0-1: Ball
1-1: Ball
2-1: Ball
3-1: Called Strike
3-2: Strikes out swinging
Batting: RHB Dalton Brown 0-0: Ball
1-0: Ball
2-0: Called Strike
2-1: Ball
3-1: Fielders Choice at 2nd, 6-4 (Groundball, 6, EV 83.1 MPH)
Bottom of the 2nd over - 0 runs, 2 hits, 0 errors, 2 left on base; Washington 1 - Denver 1
TOP OF THE 3RD
Washington Bats batting - Pitching for Denver Bulls : LHP Kingston Fry
Batting: RHB Owen Dooley 0-0: Ball
1-0: Called Strike
1-1: Foul Ball, location: 2F
1-2: Strikes out swinging
Batting: RHB Hayden Jones 0-0: Ball
1-0: Ground out 6-3 (Groundball, 6, EV 102.5 MPH)
Batting: RHB Parker Lee 0-0: Called Strike
0-1: Foul Ball, location: 2F
0-2: Ball
1-2: SOLO HOME RUN (Line Drive, 78XD, EV 116.9 MPH), Distance : 479 ft
Batting: RHB Neall Rabah 0-0: SINGLE (Line Drive, 6MD, EV 97.5 MPH)
Batting: RHB Louis Hockney 0-0: Called Strike
0-1: Fly out, F8 (Flyball, 8RD, EV 83.8 MPH)
Top of the 3rd over - 1 run, 2 hits, 0 errors, 1 left on base; Washington 2 - Denver 1
BOTTOM OF THE 3RD
Denver Bulls batting - Pitching for Washington Bats : RHP Collin Jackson
Batting: LHB Johnathan Wang 0-0: Called Strike
0-1: SOLO HOME RUN (Line Drive, 8LXD, EV 105.6 MPH), Distance : 409 ft
Batting: RHB Chasson Egan 0-0: Called Strike
0-1: Ball
1-1: Swinging Strike
1-2: Ball
2-2: Fly out, F8 (Flyball, 89D, EV 97.5 MPH)
Batting: LHB Michael Hughes 0-0: SINGLE (Groundball, 34D, EV 97.5 MPH) (infield hit)
Batting: RHB James Wilson 0-0: Called Strike
Pickoff Throw to First - Out! 1-3
0-1: Ball
1-1: Foul Ball, location: 2F
1-2: Foul Ball, location: 2F
1-2: Ball
2-2: Ball
3-2: Strikes out swinging
Bottom of the 3rd over - 1 run, 2 hits, 0 errors, 0 left on base; Washington 2 - Denver 2
TOP OF THE 4TH
Washington Bats batting - Pitching for Denver Bulls : LHP Kingston Fry
Batting: LHB Evan Wilson 0-0: Called Strike
0-1: Fly out, F8 (Flyball, 89D, EV 102.5 MPH)
Batting: RHB Sean McReynolds 0-0: Called Strike
0-1: Ball
1-1: Called Strike
1-2: Ball
2-2: Ball
3-2: Strikes out swinging
Batting: SHB Josiah White 0-0: Ball
1-0: Fly out, F8 (Flyball, 89XD, EV 86.9 MPH)
Top of the 4th over - 0 runs, 0 hits, 0 errors, 0 left on base; Washington 2 - Denver 2
BOTTOM OF THE 4TH
Denver Bulls batting - Pitching for Washington Bats : RHP Collin Jackson
Batting: RHB Kelvin Knox 0-0: Ball
1-0: Ball
2-0: Foul Ball, location: 2F
2-1: Ground out 6-3 (Groundball, 6, EV 78.8 MPH)
Batting: SHB T.J. Carter 0-0: Ball
1-0: Ball
2-0: Ground out 6-3 (Groundball, 6, EV 86.2 MPH)
Batting: RHB Bert Thoma 0-0: Called Strike
0-1: Ball
1-1: Ball
2-1: Ball
3-1: Ground out 5-3 (Groundball, 56, EV 101.9 MPH)
Bottom of the 4th over - 0 runs, 0 hits, 0 errors, 0 left on base; Washington 2 - Denver 2
TOP OF THE 5TH
Washington Bats batting - Pitching for Denver Bulls : LHP Kingston Fry
Batting: RHB Julian Ludin 0-0: Ball
1-0: Swinging Strike
1-1: Ground out 5-3 (Groundball, 25, EV 83.1 MPH)
Batting: RHB Owen Dooley 0-0: Called Strike
0-1: SINGLE (Groundball, 4MD, EV 106.9 MPH)
Batting: RHB Hayden Jones 0-0: Ball
1-0: Called Strike
1-1: Grounds into double play, 5-4-3 (Groundball, 56, EV 78.1 MPH)
Top of the 5th over - 0 runs, 1 hit, 0 errors, 0 left on base; Washington 2 - Denver 2
BOTTOM OF THE 5TH
Denver Bulls batting - Pitching for Washington Bats : RHP Collin Jackson
Batting: SHB Sage Reinisch 0-0: Foul Ball, location: 2F
0-1: Swinging Strike
0-2: Ball
1-2: Strikes out swinging
Batting: RHB Dalton Brown 0-0: Foul Ball, location: 2F
0-1: Ball
1-1: Fly out, F8 (Flyball, 8LD, EV 86.9 MPH)
Batting: LHB Johnathan Wang 0-0: Ball
1-0: Called Strike
1-1: Ground out 6-3 (Groundball, 6, EV 81.2 MPH)
Bottom of the 5th over - 0 runs, 0 hits, 0 errors, 0 left on base; Washington 2 - Denver 2
TOP OF THE 6TH
Washington Bats batting - Pitching for Denver Bulls : LHP Kingston Fry
Batting: RHB Parker Lee 0-0: Foul Ball, location: 2F
0-1: Called Strike
0-2: Strikes out swinging
Batting: RHB Neall Rabah 0-0: Ball
1-0: Called Strike
1-1: Foul Ball, location: 2F
1-2: Strikes out swinging
Batting: RHB Louis Hockney 0-0: Called Strike
0-1: Called Strike
0-2: Strikes out swinging
Top of the 6th over - 0 runs, 0 hits, 0 errors, 0 left on base; Washington 2 - Denver 2
BOTTOM OF THE 6TH
Denver Bulls batting - Pitching for Washington Bats : RHP Collin Jackson
Pitching: RHP Riley Meador
Batting: RHB Chasson Egan 0-0: Fly out, F9 (Flyball, 89M, EV 86.9 MPH)
Batting: LHB Michael Hughes 0-0: Called Strike
0-1: Ground out U3 (Groundball, 3D, EV 96.9 MPH)
Batting: RHB James Wilson 0-0: Called Strike
0-1: Ground out 6-3 (Groundball, 6, EV 110.0 MPH)
Bottom of the 6th over - 0 runs, 0 hits, 0 errors, 0 left on base; Washington 2 - Denver 2
TOP OF THE 7TH
Washington Bats batting - Pitching for Denver Bulls : LHP Kingston Fry
Batting: LHB Evan Wilson 0-0: Ball
1-0: Ball
2-0: Called Strike
2-1: SINGLE (Line Drive, 34D, EV 94.4 MPH)
Batting: RHB Sean McReynolds 0-0: Sac Bunt to 13 - play at second, runner safe!
Batting: SHB Josiah White 0-0: Sac Bunt to 3S - play at first, batter OUT! 3-1
Evan Wilson to third
Sean McReynolds to second
Batting: RHB Julian Ludin 0-0: Ground out 6-3 (Groundball, 56, EV 79.4 MPH)
Batting: RHB Owen Dooley 0-0: Foul Ball, location: 2F
0-1: Foul Ball, location: 2F
0-2: Strikes out swinging
Top of the 7th over - 0 runs, 1 hit, 0 errors, 2 left on base; Washington 2 - Denver 2
BOTTOM OF THE 7TH
Denver Bulls batting - Pitching for Washington Bats : RHP Riley Meador
Batting: RHB Kelvin Knox 0-0: Called Strike
0-1: Ball
1-1: Ball
2-1: Ball
3-1: Foul Ball, location: 2F
3-2: Strikes out swinging
Batting: SHB T.J. Carter 0-0: Ball
1-0: Foul Ball, location: 2F
1-1: Ball
2-1: SOLO HOME RUN (Flyball, 7D, EV 92.5 MPH), Distance : 362 ft
Batting: RHB Bert Thoma 0-0: Ball
1-0: Ball
2-0: Ball
3-0: Called Strike
3-1: Swinging Strike
3-2: Foul Ball, location: 2F
3-2: Strikes out swinging
Batting: SHB Sage Reinisch 0-0: Ball
1-0: Ball
2-0: Foul Ball, location: 2F
2-1: Swinging Strike
2-2: Strikes out swinging
Bottom of the 7th over - 1 run, 1 hit, 0 errors, 0 left on base; Washington 2 - Denver 3
TOP OF THE 8TH
Washington Bats batting - Pitching for Denver Bulls : LHP Kingston Fry
Batting: RHB Hayden Jones 0-0: Ball
1-0: SINGLE (Groundball, 4M, EV 88.1 MPH) (infield hit)
Pitching: RHP Webb Martinez
Batting: RHB Parker Lee 0-0: Foul Ball, location: 2F
0-1: Swinging Strike
0-2: Ball
1-2: Strikes out looking
Batting: RHB Neall Rabah 0-0: Called Strike
0-1: Ball
1-1: Ball
2-1: Called Strike
2-2: Fly out, F9 (Flyball, 9D, EV 88.1 MPH)
Batting: RHB Louis Hockney 0-0: Called Strike
0-1: Fly out, F9 (Flyball, 9LS, EV 96.9 MPH)
Top of the 8th over - 0 runs, 1 hit, 0 errors, 1 left on base; Washington 2 - Denver 3
BOTTOM OF THE 8TH
Denver Bulls batting - Pitching for Washington Bats : RHP Riley Meador
Batting: RHB Dalton Brown 0-0: Ground out 5-3 (Groundball, 56, EV 91.2 MPH)
Batting: LHB Johnathan Wang 0-0: Swinging Strike
0-1: DOUBLE (Flyball, 78XD, EV 106.2 MPH)
Batting: RHB Chasson Egan 0-0: Foul Ball, location: 2F
0-1: Fly out, F7 (Flyball, 7D, EV 93.1 MPH)
Runner from 2nd tags up, SAFE at 3rd with throw by LF
Batting: LHB Michael Hughes 0-0: Ball
1-0: Called Strike
1-1: Ball
2-1: Ball
3-1: Base on Balls
Batting: RHB James Wilson 0-0: Called Strike
0-1: Ball
1-1: Foul Ball, location: 2F
1-2: Ball
2-2: Ground out 6-3 (Groundball, 6S, EV 79.4 MPH)
Bottom of the 8th over - 0 runs, 1 hit, 0 errors, 2 left on base; Washington 2 - Denver 3
TOP OF THE 9TH
Washington Bats batting - Pitching for Denver Bulls : RHP Webb Martinez
Batting: LHB Evan Wilson 0-0: Foul Ball, location: 2F
0-1: Ground out 6-3 (Groundball, 56, EV 99.4 MPH)
Pinch Hitting: LHB Joel Bell 0-0: Foul Ball, location: 2F
0-1: Ball
1-1: Foul Ball, location: 2F
1-2: Foul Ball, location: 2F
1-2: Ball
2-2: Strikes out looking
Batting: SHB Josiah White 0-0: Fly out, F7 (Line Drive, 7D, EV 90.6 MPH)
Top of the 9th over - 0 runs, 0 hits, 0 errors, 0 left on base; Washington 2 - Denver 3
Sunday, March 31st , 2024 - OOTP Baseball 23.10 Build 110